 Dungeon Crawl Stone Soup version 0.30-a0-42-g806c11bf1d (webtiles) character file.

Game seed: 920336525046179107

198 ytrimaz the Insei (level 5, -3/33 HPs)
             Began as an Octopode Transmuter on Aug 30, 2022.
             Splashed by a jelly's acid (6 damage)
             ... on level 4 of the Dungeon.
             The game lasted 00:06:53 (3257 turns).

ytrimaz the Insei (Octopode Transmuter)             Turns: 3257, Time: 00:06:54

Health: -3/33      AC: -2    Str:  9    XL:     5   Next: 76%
Magic:  7/9        EV: 19    Int: 18    God:
Gold:   116        SH:  0    Dex: 17    Spells: 0/9 levels left

rFire   . . .      SeeInvis .      - Unarmed
rCold   . . .      Faith    .    (shield currently unavailable)
rNeg    . . .      Spirit   .    (helmet currently unavailable)
rPois   x          Reflect  .    c - amulet of regeneration {@e2}
rElec   .          Harm     .    (no ring)
rCorr   .          Rampage  .    (no ring)
Will    .....                    (no ring)
Stlth   ++........               (no ring)
HPRegen 0.91/turn                (no ring)
MPRegen 0.11/turn                (no ring)
                                 (no ring)
                                 (no ring)

@: spider-form, corroded
A: venomous fangs, almost no armour, (amphibious), 8 rings, tiny, (camouflage
1), (gelatinous body 1), (nimble swimmer 1), (tentacles), screaming 1, wild
magic 1, no potion heal 1
a: End Transformation


You were on level 4 of the Dungeon.
You were a venomous arachnid creature.
You visited 1 branch of the dungeon, and saw 4 of its levels.

You collected 116 gold pieces.


Innate Abilities, Weirdness & Mutations

You are a venomous arachnid creature.
You have poisonous fangs.
You are tiny and dextrous.
Your spellcasting is less reliable in this form.
Your armour is entirely melded.
You are incapable of wielding weapons or throwing items.
You cannot wear most types of armour.
((You are amphibious.))
You can wear up to eight rings at the same time.
((Your skin changes colour to match your surroundings (Stealth+).))
((Your rubbery body absorbs attacks. (AC +1, EV +1)))
((You are camouflaged when in or above water. (Stealth+)))
((You have tentacles for arms and can constrict up to eight enemies at once.))
You occasionally shout uncontrollably at your foes.
Your spells are a little harder to cast, but a little more powerful.
Potions are less effective at restoring your health.


   Skills:
 - Level 1.0 Fighting
 - Level 2.0 Dodging
 - Level 4.0 Unarmed Combat
 + Level 2.9 Spellcasting
 + Level 3.0 Transmutations
 * Level 3.6 Poison Magic


You couldn't memorise any spells.
You knew the following spells:

 Your Spells              Type           Power      Damage    Failure   Level
a - Ice Form              Ice/Tmut       10%        N/A       88%         4
b - Wereblood             Tmut           17%        N/A       26%         2
c - Spider Form           Tmut/Pois      19%        N/A       38%         3

Your spell library contained the following spells:

 Spells                   Type           Power      Damage    Failure   Level
 Beastly Appendage        Tmut           34%        N/A       21%         1

Inventory:

Missiles
 b - 49 stones {throwing}
Magical Staves
 h - a staff of earth {!astaff}
   (You found it on level 3 of the Dungeon)
Jewellery
 c - an amulet of regeneration (around neck) {@e2}
   (You found it on level 1 of the Dungeon)
Wands
 m - a wand of charming (10)
   (You took it off a kobold on level 3 of the Dungeon)
Scrolls
 e - a scroll of enchant armour
 f - 2 scrolls of enchant weapon
 i - a scroll of immolation {!r!r}
 k - a scroll of blinking {!r}
 n - a scroll of teleportation {@r4}
Potions
 a - 2 potions of curing {@q1}
 d - a potion of lignification {!q}
 g - 2 potions of flight
 j - a potion of attraction {unknown}
 l - a potion of degeneration {unknown}

Dungeon Overview and Level Annotations

Branches:
Dungeon (4/15) Zot: 20758
 Temple: D:4-7

Altars:
Yredelemnul

Shops:
D:4 :

Annotations:
D:2 1 runed translucent door, Crazy Yiuf

#..####......#
#.#.##<#
#............#
#.#.##.#
#.##........##
#...##.#
#.##.####.<.#
#..###.# ..##.#
##### #..###.# ..##
## ####......# ..#
#.......#.##### #
#.#####.#.##
....##.##Js.....####
#......g##.##....#
.w...#$#####.##.∩.##
### #. #.##....# ..
..##.#..... g.#
####..###### g.. ##.
#... . #g.. .#


You could see a jelly (poisoned) and a gnoll.


Message History

😕 HP[+1]
You barely miss the endoplasm. You squeeze the endoplasm!
You kill the endoplasm! 😕 HP[+1] No target in view!
No target in view!
Unknown command. 😎 HP[+2]
Your hp is fully restored (33).
A dart slug is nearby!
You tentacle-slap the dart slug. You grab the dart slug.
You constrict the dart slug. You tentacle-slap the dart slug.
You kill the dart slug!
You see here a dart slug corpse.
No target in view!
Done exploring.
Done exploring.
There is a stone staircase leading down here.
Okay, then.
Search for what [? for help]? mut Can't find anything matching that.
You climb downwards.
You hear the sound of rushing water.
There is an entrance to a sewer on this level.
Hurry and find it before the portal rusts away!
Found an escape hatch in the floor.
There is a stone staircase leading up here.
A ball python comes into view.
The ball python completely misses you. The ball python grabs you.
The ball python constricts you. 😕 HP[-1]
You take 1 damage, and now have 32/33 hp.
You tentacle-slap the ball python. You grab the ball python.
You squeeze the ball python.
You kill the ball python! 😎 HP[+1]
Your hp is fully restored (33).
You see here a ball python corpse.
b - 49 stones {throwing} (gained 5) Key pressed, stopping explore.
Unknown command.
You hear the slow rusting of a drain nearby.
Found an escape hatch in the ceiling.
There is an escape hatch in the ceiling here.
Found Ukatziat's Book Emporium.
Unknown command.
There is an entrance to Ukatziat's Book Emporium here.
A jelly comes into view.
A jelly is nearby!
A jelly is nearby!
Casting: Spider Form (quite dangerous; 19% risk of failure)
Confirm with . or Enter, or press ? or * to list all spells.
The spell is quite dangerous to miscast (19% risk of failure)!
Continue anyway?
You turn into a venomous arachnid creature. 😎 MP[-3]
You lost 3 mp, and now have 6/9 mp.
A worm and 2 gnolls come into view.
You hiss at the gnoll!
The gnoll shouts!
The jelly quivers.
A gnoll comes into view. It is wielding a +0 flail.
Casting: Spider Form (quite dangerous; 38% risk of failure)
Confirm with . or Enter, or press ? or * to list all spells.
You don't know that spell.
Casting: Spider Form (quite dangerous; 38% risk of failure)
Confirm with . or Enter, or press ? or * to list all spells.
The spell is quite dangerous to miscast (26% risk of failure)!
Continue anyway?
Okay, then.
You hear the slow rusting of a drain nearby.
You hit the jelly.
The jelly is poisoned.
Your front legs burn!
The jelly completely misses you. 😕 HP[-1]
You take 1 damage, and now have 32/33 hp.
Unknown command.
You hit the jelly.
Your front legs burn!
The jelly hits you.
You are splashed with acid! 😮 HP[-11] MP[+1]
You take 11 damage, and now have 21/33 hp.
MASSIVE DAMAGE!! (PAUSE)
You hit the jelly.
Your front legs burn!
* * * LOW HITPOINT WARNING * * *
The jelly completely misses you. 😮 HP[-4]
You take 4 damage, and now have 17/33 hp.
You hit the jelly.
Your front legs burn!
* * * LOW HITPOINT WARNING * * *
The jelly hits you.
* * * LOW HITPOINT WARNING * * *
The acid corrodes you!
You are splashed with acid!
* * * LOW HITPOINT WARNING * * *
The gnoll closely misses you. 😱 HP[-13]
You take 13 damage, and now have 4/33 hp.
MASSIVE DAMAGE!! (PAUSE) Unknown command.
The jelly attacks as you move away! The jelly hits you.
* * * LOW HITPOINT WARNING * * *
You are splashed with acid.
You die...

Skill      XL: |  1  2  3  4  5 |
---------------+----------------+-----
Unarmed Combat | 4 |  4.0
Poison Magic   | 2 3 |  3.6
Transmutations | 3 |  3.0
Fighting       | |  1.0
Dodging        | |  2.0
Spellcasting   | |  2.9

Action                   |  1- 3 |  4- 6 || total
-------------------------+-------+-------++-------
Melee: Unarmed           |    86 |   115 ||   201
       Constrict         |    17 |    20 ||    37
       Tentacles         |    12 |    16 ||    28
       Kick              |    11 |     1 ||    12
       Punch             |     2 |     3 ||     5
 Cast: Beastly Appendage |    11 |     3 ||    14
       Spider Form       |     2 |     6 ||     8
       Wereblood         |       |     1 ||     1
  Use: Scroll            |     4 |     7 ||    11
       Potion            |     1 |     2 ||     3
 Stab: Sleeping          |     1 |     2 ||     3
Armor: Skin              |    21 |     5 ||    26
Dodge: Dodged            |    46 |    71 ||   117

Levels and vault maps discovered:
D:1:      dpeg_arrival_simpleton_a, layout_basic,
          nicolae_ecumenical_snake_handling, serial_co_window_serial,
          co_window_paths_b, co_window_cross_1, co_window_paths_b,
          co_window_paths_a, co_window_paths_b, co_window_paths_a,
          co_window_broadway_a, co_window_unsneaky_path_c, co_window_cross_3,
          co_window_unsneaky_path_e, glass_columns_b, glass_columns_a,
          glass_columns_c
D:2:      layout_basic, uniq_crazy_yiuf_cottage, uniq_terence
D:3:      kennysheep_slugbush, layout_basic, nicolae_overflow_crystal_walls,
          grunt_decor_clamped
D:4:      layout_loops_cross, serial_shops, nicolae_shop_stone,
          cheibrodos_sewer_entry_drain

Notes
Turn   | Place    | Note
-------+----------+-------------------------------------------
     0 | D:1      | ytrimaz the Octopode Transmuter began the quest for the
                  | Orb.
     0 | D:1      | Reached XP level 1. HP: 13/13 MP: 3/3
     0 | D:1      | magus.rc [v1.9.6]
     0 | D:1      | magus.rc [v1.9.6]
   148 | D:1      | Reached XP level 2. HP: 14/18 MP: 5/5
   336 | D:1      | Found a faded altar of an unknown god.
   346 | D:1      | Reached skill level 4 in Unarmed Combat
   382 | D:1      | Reached XP level 3. HP: 23/23 MP: 6/6
   391 | D:1      | Learned a level 2 spell: Wereblood
   395 | D:1      | Learned a level 3 spell: Spider Form
   630 | D:1      | Reached skill level 1 in Poison Magic
  1133 | D:2      | Noticed Terence
  1156 | D:2      | Killed Terence
  1157 | D:2      | Reached skill level 2 in Poison Magic
  1157 | D:2      | Reached XP level 4. HP: 27/28 MP: 5/7
  1464 | D:2      | Found a runed translucent door.
  1465 | D:2      | Noticed Crazy Yiuf
  1539 | D:2      | Gained mutation: You are partially covered in iridescent
                  | scales. (AC +2) [potion of mutation]
  1539 | D:2      | Gained mutation: You occasionally lose the ability to read
                  | scrolls when taking damage. [potion of mutation]
  1540 | D:2      | Lost mutation: You occasionally lose the ability to read
                  | scrolls when taking damage. [potion of mutation]
  1540 | D:2      | Lost mutation: You are partially covered in iridescent
                  | scales. (AC +2) [potion of mutation]
  1540 | D:2      | Gained mutation: Your spells are a little harder to cast,
                  | but a little more powerful. [potion of mutation]
  1540 | D:2      | Gained mutation: You occasionally shout uncontrollably at
                  | your foes. [potion of mutation]
  1540 | D:2      | Gained mutation: Potions are less effective at restoring
                  | your health. [potion of mutation]
  1634 | D:2      | HP: 6/28 [poisoned by an adder]
  1639 | D:2      | HP: 5/28 [poisoned by an adder]
  2049 | D:3      | Found a basalt altar of Yredelemnul.
  2059 | D:3      | Reached XP level 5. HP: 32/33 MP: 6/8
  2275 | D:3      | Reached skill level 3 in Poison Magic
  2360 | D:3      | Learned a level 4 spell: Ice Form
  2506 | D:3      | Reached skill level 3 in Transmutations
  3232 | D:4      | Found Ukatziat's Book Emporium.
  3256 | D:4      | HP: 4/33 [acid (9)]
  3257 | D:4      | Splashed by a jelly's acid

Vanquished Creatures
  An iguana (D:3)
  Terence (D:2)
  2 adders (D:2)
  3 worms
  17 dart slugs
  An orc (D:3)
  10 ball pythons
  4 bats
  10 endoplasms
  3 giant cockroaches
  4 goblins
  10 hobgoblins
  6 kobolds
  A quokka (D:1)
  A frilled lizard (D:2)
  8 rats
82 creatures vanquished.

Table legend:
 A = Non-vault XP
 B = Vault XP
 C = Vault XP percentage of total XP
 D = Non-vault monster count
 E = Vault monster count
 F = Vault count percentage of total count
                 A         B        C        D         E       F
            +---------+---------+-------+---------+---------+-------
      Total |     200 |      83 |  29.3 |      66 |      16 |  19.5
            +---------+---------+-------+---------+---------+-------
        D:1 |      59 |       7 |  10.6 |      26 |       5 |  16.1
        D:2 |      59 |      36 |  37.9 |      18 |       1 |   5.3
        D:3 |      80 |      40 |  33.3 |      21 |      10 |  32.3
        D:4 |       2 |       0 |   0.0 |       1 |       0 |   0.0
            +---------+---------+-------+---------+---------+-------

Illustrated notes

Table legend:
 A = Kills in this place as a percentage of kills in entire the game.
 B = Kills by you in this place as a percentage of kills by you in the entire game.
 C = Kills by friends in this place as a percentage of kills by friends in the entire game.
 D = Other kills in this place as a percentage of other kills in the entire game.
 E = Experience gained in this place as a percentage of experience gained in the entire game.
 F = Experience gained in this place divided by the number of levels of this place that you have seen.
                   A       B       C       D       E      F
               +-------+-------+-------+-------+-------+----------------------
         Total | 100.0 | 100.0 |   N/A |   N/A | 100.0 |  70.8
       Dungeon | 100.0 | 100.0 |   N/A |   N/A | 100.0 |  70.8
               +-------+-------+-------+-------+-------+----------------------

Table legend: (Time is in decaauts)
 A = Elapsed time spent in this place.
 B = Non-inter-level travel time spent in this place.
 C = Inter-level travel time spent in this place.
 D = Time resting spent in this place.
 E = Time spent auto-exploring this place.
 F = Levels seen in this place.
 G = Mean time per level.
                   A        B        C        D        E       F      G
               +--------+--------+--------+--------+--------+-----+--------+
         Total |   3241 |   3104 |    137 |     31 |   2407 |   4 |  810.2 |
       Dungeon |   3241 |   3104 |    137 |     31 |   2407 |   4 |  810.2 |
               +--------+--------+--------+--------+--------+-----+--------+

Top non-repeatable levels by time:
     D:3: 1116 daAuts
     D:1: 1034 daAuts
     D:2: 985 daAuts
     D:4: 105 daAuts
